 Dungeon Crawl Stone Soup version 0.18-a0-670-g393520a (webtiles) character file.

46 Proton the Shield-Bearer (level 3, -7/30 HPs)
             Began as a Formicid Fighter on Dec 6, 2015.
             Killed from afar by an oklob plant (13 damage)
             ... with a splash of acid
             ... created by the enmity of Fedhas Madash
             ... on level 2 of the Dungeon.
             The game lasted 00:04:58 (1248 turns).

Proton the Shield-Bearer (Formicid Fighter)         Turns: 1248, Time: 00:04:58

Health: -7/30      AC:  4    Str: 21    XL:     3   Next: 95%
Magic:  3/3        EV:  8    Int:  7    God:
Gold:   98         SH:  9    Dex: 10    Spells: 0 memorised, 2 levels left

rFire  . . .     SeeInvis +     a - +0 war axe
rCold  . . .     Clarity  .     b - +0 scale mail
rNeg   + . .     SustAt   .     c - +0 shield
rPois  .         Gourm    .     (helmet unavailable)
rElec  .         Spirit   .     (no cloak)
rCorr  .         Dismiss  .     r - +0 pair of gloves
rMut   .         Stasis   +     (no boots)
MR     .....                    (no amulet)
Stlth  ..........               (no ring)
                                n - ring of positive energy

@: corroded equipment, drained, not resistant to hostile enchantments, extremely
unstealthy
A: permanent stasis, dig shafts and tunnels, four strong arms, antennae 3
a: Dig, Shaft Self


You were on level 2 of the Dungeon.
You were not hungry.

You visited 1 branch of the dungeon, and saw 2 of its levels.

You collected 98 gold pieces.

Inventory:

Hand Weapons
 a - a +0 war axe (weapon)
Armour
 b - a +0 scale mail (worn)
 c - a +0 shield (worn)
 r - a +0 pair of gloves (worn)
Jewellery
 n - a ring of positive energy (left hand)
Scrolls
 g - 2 scrolls of immolation {unknown}
 h - 5 scrolls of identify {unknown}
 l - 2 scrolls of teleportation {unknown}
 m - a scroll of noise {unknown}
 o - a scroll of magic mapping {unknown}
 q - a scroll of amnesia {unknown}
Potions
 d - 2 potions of might
 i - a potion of lignification {unknown}
 j - a potion of curing {unknown}
 k - a potion of heal wounds {unknown}
 p - a potion of mutation {unknown}
 s - a potion of poison {unknown}
Comestibles
 e - a bread ration
 f - 2 slices of pizza


   Skills:
 + Level 3.7(3.6) Fighting
 + Level 2.6(2.5) Axes
 + Level 3.9(3.8) Armour
 + Level 0.3(0.2) Dodging
 + Level 3.9(3.8) Shields


You had 2 spell levels left.
You didn't know any spells.

Dungeon Overview and Level Annotations

Branches:
Dungeon (2/15)

Altars:
Fedhas
Makhleb
Nemelex Xobeh
Xom

Annotations:
D:2 exclusion: 5 oklob plants


Innate Abilities, Weirdness & Mutations

You are under a permanent stasis effect.
You can dig through walls and to a lower floor.
Your four strong arms can wield two-handed weapons with a shield.
You have a pair of large antennae on your head (SInv).


Message History

Ouch! That really hurt!
* * * LOW HITPOINT WARNING * * *
You hit the plant.
The plant is lightly damaged.
You slash the plant!
The plant is lightly damaged.
You hit the plant.
The plant is lightly damaged.
You hit the plant but do no damage. You slash the plant!
The plant is lightly damaged.
You hit the plant but do no damage.
The plant is lightly damaged.
You hit the plant but do no damage. The oklob plant spits acid at you.
Fedhas protects a plant from harm.
You block the splash of acid. The acid corrodes you!
The oklob plant spits acid at you.
Fedhas protects a plant from harm.
The splash of acid hits you!
You die...

#.## #...... .. .###
###.....# #.#...#
#.......# #.#.#.###
#.#.#.#.# ####...P...##
........###...P........#
...8........##._.....#.#
..8.8...#####..PPP.....#
.8._†8.........P@8..P..#
..8.8..#####P..PPP....##
...8...# ###..†.._.##
.......# #####.......#
#####.## #......P..###
## #.####.#####..## .#
##.......†.###.#
.###...###........#
.##.....#####.#####


You could see 5 oklob plants.

Vanquished Creatures
  An ooze (D:2)
  2 giant cockroaches
  7 hobgoblins
  4 jackals (D:1)
  2 quokkas (D:2)
  11 bats
  6 goblins
  4 kobolds (D:1)
  3 rats
40 creatures vanquished.

Notes
Turn   | Place    | Note
--------------------------------------------------------------
     0 | D:1      | Proton the Formicid Fighter began the quest for the Orb.
     0 | D:1      | Reached XP level 1. HP: 18/18 MP: 1/1
   276 | D:1      | Reached XP level 2. HP: 18/24 MP: 2/2
   631 | D:1      | Reached XP level 3. HP: 29/29 MP: 3/3
   941 | D:2      | Found a sparkling altar of Nemelex Xobeh.
  1069 | D:2      | Found a faded altar to an unknown god.
  1100 | D:2      | Became a worshipper of Fedhas Madash
  1100 | D:2      | Reached * piety under Fedhas
  1137 | D:2      | Fell from the grace of Fedhas
  1231 | D:2      | Found a shimmering altar of Xom.
  1232 | D:2      | Found a burning altar of Makhleb.
  1245 | D:2      | Noticed an oklob plant
  1245 | D:2      | Noticed an oklob plant
  1245 | D:2      | Noticed an oklob plant
  1245 | D:2      | Noticed an oklob plant
  1245 | D:2      | Noticed an oklob plant
  1248 | D:2      | Killed from afar by an oklob plant

Vault maps used:
D:1:      dpeg_arrival_castle, minmay_misc_feat_columns
D:2:      grunt_temple_overflow_open, ecumenical_altar_2, first_bread,
          nemelex_deck

Action                   || total
-------------------------++-------
Melee: War axe           ||   125
Invok: Renounce Religion ||     1
  Eat: Meat ration       ||     1
